BSA
TORONTO TITANS @ SEATTLE PIKES
06/01/2024
 
TOP OF THE 1ST
Toronto Titans batting - Pitching for Seattle Pikes : RHP António Rijo
Pitching: RHP António Rijo
Batting: SHB Ryobe Yamamoto 0-0: Ball
1-0: Called Strike
1-1: Ball
2-1: Ball
3-1: Base on Balls
Batting: LHB Anacleto Morillo 0-0: Ball
1-0: Called Strike
1-1: Ball
2-1: Swinging Strike
2-2: Ball
3-2: Strikes out swinging
Batting: LHB Jorge Martínez 0-0: Ball
1-0: Ball
2-0: Called Strike
Ryobe Yamamoto steals 2nd base
2-1: Foul Ball, location: 2F
2-2: SINGLE (Groundball, 4)
Ryobe Yamamoto to third
Runner from 3rd tries for Home, throw and OUT!
Batting: LHB José Rodríguez 0-0: Ball
1-0: Ball
2-0: Foul Ball, location: 2F
2-1: Foul Ball, location: 2F
2-2: Foul Ball, location: 2F
2-2: Strikes out swinging
Top of the 1st over - 0 run(s), 1 hit(s), 0 error(s), 1 left on base; Toronto 0 - Seattle 0
BOTTOM OF THE 1ST
Seattle Pikes batting - Pitching for Toronto Titans : RHP José Gonzáles
Pitching: RHP José Gonzáles
Batting: RHB Randy Sheppard 0-0: Called Strike
0-1: Foul Ball, location: 2F
0-2: Strikes out swinging
Batting: SHB Jong-min Kim 0-0: Fly out, F6 (Popup, 6D)
Batting: RHB António Ortega 0-0: Ball
1-0: SOLO HOME RUN (Flyball, 7D), Distance : 381 ft
Batting: RHB Manuel Rico 0-0: Called Strike
0-1: Ball
1-1: SINGLE (Flyball, 7LS)
Batting: LHB Eduardo Gómez 0-0: Called Strike
Manuel Rico is caught stealing 2nd base
Bottom of the 1st over - 1 run(s), 2 hit(s), 0 error(s), 0 left on base; Toronto 0 - Seattle 1
TOP OF THE 2ND
Toronto Titans batting - Pitching for Seattle Pikes : RHP António Rijo
Batting: RHB Matt Doyle 0-0: Ball
1-0: Ball
2-0: Ball
3-0: Called Strike
3-1: Fly out, F8 (Flyball, 8RXD)
Batting: RHB Gilberto López 0-0: Ball
1-0: Ground out 6-3 (Groundball, 6M)
Batting: RHB David Murray 0-0: Fly out, F5 (Line Drive, 5L)
Top of the 2nd over - 0 run(s), 0 hit(s), 0 error(s), 0 left on base; Toronto 0 - Seattle 1
BOTTOM OF THE 2ND
Seattle Pikes batting - Pitching for Toronto Titans : RHP José Gonzáles
Batting: LHB Eduardo Gómez 0-0: Called Strike
0-1: Ball
1-1: Called Strike
1-2: Ball
2-2: Ball
3-2: Strikes out swinging
Batting: RHB Lorenzo Ayala 0-0: Swinging Strike
0-1: Ball
1-1: Ball
2-1: Ground out 6-3 (Groundball, 6)
Batting: RHB Tae-kwon Kwon 0-0: Foul Ball, location: 2F
0-1: Ground out 6-3 (Groundball, 6)
Bottom of the 2nd over - 0 run(s), 0 hit(s), 0 error(s), 0 left on base; Toronto 0 - Seattle 1
TOP OF THE 3RD
Toronto Titans batting - Pitching for Seattle Pikes : RHP António Rijo
Batting: RHB Cris Fuentes 0-0: Ball
1-0: SINGLE (Groundball, 56D)
Batting: LHB Pedro Padilla 0-0: Ball
1-0: Ball
2-0: Called Strike
2-1: Fly out, F8 (Flyball, 8LM)
Batting: SHB Ryobe Yamamoto 0-0: Ball
1-0: SINGLE (Line Drive, 4MD)
Cris Fuentes to second
Batting: LHB Anacleto Morillo 0-0: Ball
1-0: Swinging Strike
1-1: Foul Ball, location: 2F
1-2: Grounds into double play, 4-6-3 (Groundball, 4)
Top of the 3rd over - 0 run(s), 2 hit(s), 0 error(s), 1 left on base; Toronto 0 - Seattle 1
BOTTOM OF THE 3RD
Seattle Pikes batting - Pitching for Toronto Titans : RHP José Gonzáles
Batting: LHB Javier Escobedo 0-0: Foul Ball, location: 2F
0-1: Ball
1-1: Swinging Strike
1-2: Foul Ball, location: 2F
1-2: Ground out 1-3 (Groundball, 25)
Batting: RHB Naomi Kitamura 0-0: Foul Ball, location: 2F
0-1: Ball
1-1: Ground out 5-3 (Groundball, 5L)
Batting: RHB Randy Sheppard 0-0: Swinging Strike
0-1: Foul Ball, location: 2F
0-2: Fly out, F9 (Flyball, 9M)
Bottom of the 3rd over - 0 run(s), 0 hit(s), 0 error(s), 0 left on base; Toronto 0 - Seattle 1
TOP OF THE 4TH
Toronto Titans batting - Pitching for Seattle Pikes : RHP António Rijo
Batting: LHB Jorge Martínez 0-0: Ball
1-0: Ball
2-0: Ball
3-0: Base on Balls
Batting: LHB José Rodríguez 0-0: Grounds into double play, 6-4-3 (Groundball, 6M)
Batting: RHB Matt Doyle 0-0: Called Strike
0-1: Foul Ball, location: 2F
0-2: Ball
1-2: Ball
2-2: Strikes out swinging
Top of the 4th over - 0 run(s), 0 hit(s), 0 error(s), 0 left on base; Toronto 0 - Seattle 1
BOTTOM OF THE 4TH
Seattle Pikes batting - Pitching for Toronto Titans : RHP José Gonzáles
Batting: SHB Jong-min Kim 0-0: Bunt for hit - play at first, batter OUT! 3-4
Batting: RHB António Ortega 0-0: Called Strike
0-1: Foul Ball, location: 2F
0-2: DOUBLE (Line Drive, 5L)
Batting: RHB Manuel Rico 0-0: Foul Ball, location: 2F
0-1: Ball
Wild Pitch!
António Ortega to third
1-1: Foul Ball, location: 2F
1-2: Strikes out looking
Batting: LHB Eduardo Gómez 0-0: DOUBLE (Line Drive, 9LD)
António Ortega scores
Batting: RHB Lorenzo Ayala 0-0: Fly out, F9 (Line Drive, 89S)
Bottom of the 4th over - 1 run(s), 2 hit(s), 0 error(s), 1 left on base; Toronto 0 - Seattle 2
TOP OF THE 5TH
Toronto Titans batting - Pitching for Seattle Pikes : RHP António Rijo
Batting: RHB Gilberto López 0-0: Fly out, F6 (Line Drive, 6M)
Batting: RHB David Murray 0-0: Fly out, F7 (Flyball, 78D)
Batting: RHB Cris Fuentes 0-0: Called Strike
0-1: Fly out, F9 (Flyball, 89XD)
Top of the 5th over - 0 run(s), 0 hit(s), 0 error(s), 0 left on base; Toronto 0 - Seattle 2
BOTTOM OF THE 5TH
Seattle Pikes batting - Pitching for Toronto Titans : RHP José Gonzáles
Batting: RHB Tae-kwon Kwon 0-0: Foul Ball, location: 2F
0-1: Called Strike
0-2: Ball
1-2: Foul Ball, location: 2F
1-2: Ball
2-2: Fly out, F7 (Flyball, 7M)
Batting: LHB Javier Escobedo 0-0: Called Strike
0-1: Ball
1-1: Ball
2-1: SINGLE (Groundball, 4M)
Batting: RHB Naomi Kitamura 0-0: Ball
Pickoff Throw to First - Out!
1-0: Ball
2-0: Ground out 4-3 (Groundball, 4)
Bottom of the 5th over - 0 run(s), 1 hit(s), 0 error(s), 0 left on base; Toronto 0 - Seattle 2
TOP OF THE 6TH
Toronto Titans batting - Pitching for Seattle Pikes : RHP António Rijo
Batting: LHB Pedro Padilla 0-0: Ball
1-0: Foul Ball, location: 2F
1-1: Ground out 3-1 (Groundball, 34)
Batting: SHB Ryobe Yamamoto 0-0: Ground out 4-3 (Groundball, 34)
Batting: LHB Anacleto Morillo 0-0: SINGLE (Groundball, 5D)
Batting: LHB Jorge Martínez 0-0: Called Strike
0-1: Called Strike
0-2: Fielders Choice at 2nd, U6 (Groundball, 6M)
Top of the 6th over - 0 run(s), 1 hit(s), 0 error(s), 1 left on base; Toronto 0 - Seattle 2
BOTTOM OF THE 6TH
Seattle Pikes batting - Pitching for Toronto Titans : RHP José Gonzáles
Batting: RHB Randy Sheppard 0-0: Ball
1-0: Ball
2-0: Called Strike
2-1: Called Strike
2-2: Ball
3-2: Strikes out looking
Batting: SHB Jong-min Kim 0-0: Ball
1-0: Ball
2-0: Ground out 4-3 (Groundball, 4)
Batting: RHB António Ortega 0-0: Ball
1-0: SINGLE (Groundball, 56D)
Batting: RHB Manuel Rico 0-0: Called Strike
0-1: Called Strike
0-2: Foul Ball, location: 2F
0-2: Ball
1-2: Fly out, F7 (Flyball, 7M)
Bottom of the 6th over - 0 run(s), 1 hit(s), 0 error(s), 1 left on base; Toronto 0 - Seattle 2
TOP OF THE 7TH
Toronto Titans batting - Pitching for Seattle Pikes : RHP António Rijo
Batting: LHB José Rodríguez 0-0: Called Strike
0-1: Swinging Strike
0-2: Ball
1-2: DOUBLE (Line Drive, 9LD)
Batting: RHB Matt Doyle 0-0: Ball
1-0: Called Strike
1-1: Hit by Pitch
Batting: RHB Gilberto López 0-0: Ball
1-0: Ball
2-0: Foul Ball, location: 2F
2-1: Grounds into double play, 6-4-3 (Groundball, 6)
José Rodríguez to third
Batting: RHB David Murray 0-0: Called Strike
0-1: Ground out 5-3 (Groundball, 56S)
Top of the 7th over - 0 run(s), 1 hit(s), 0 error(s), 1 left on base; Toronto 0 - Seattle 2
BOTTOM OF THE 7TH
Seattle Pikes batting - Pitching for Toronto Titans : RHP José Gonzáles
Batting: LHB Eduardo Gómez 0-0: Ball
1-0: Ball
2-0: Fly out, F9 (Flyball, 9M)
Batting: RHB Lorenzo Ayala 0-0: Ball
1-0: Swinging Strike
1-1: Ball
2-1: Foul Ball, location: 2F
2-2: Foul Ball, location: 2F
2-2: Foul Ball, location: 2F
2-2: Strikes out swinging
Batting: RHB Tae-kwon Kwon 0-0: Ball
1-0: Foul Ball, location: 2F
1-1: Foul Ball, location: 2F
1-2: Foul Ball, location: 2F
1-2: Foul Ball, location: 2F
1-2: Foul Ball, location: 2F
1-2: Ball
2-2: SINGLE (Groundball, 4MD)
Pitching: LHP Braydon Schute
Batting: LHB Javier Escobedo 0-0: Ball
1-0: Swinging Strike
1-1: Foul Ball, location: 2F
1-2: SINGLE (Groundball, 4MD)
Tae-kwon Kwon to second
Runner from 2nd tries for 3rd, SAFE, throw made to third
Pinch Hitting: RHB George Howard 0-0: Called Strike
0-1: Ball
1-1: Ball
2-1: Foul Ball, location: 2F
2-2: Ball
3-2: Foul Ball, location: 2F
3-2: Fly out, F8 (Flyball, 8LXD)
Bottom of the 7th over - 0 run(s), 2 hit(s), 0 error(s), 2 left on base; Toronto 0 - Seattle 2
TOP OF THE 8TH
Toronto Titans batting - Pitching for Seattle Pikes : RHP António Rijo
Now at SS: George Howard
Batting: RHB Cris Fuentes 0-0: Fly out, F8 (Flyball, 8RD)
Batting: LHB Pedro Padilla 0-0: Foul Ball, location: 2F
0-1: Ball
1-1: Called Strike
1-2: Foul Ball, location: 2F
1-2: Fly out, F5 (Popup, 5S)
Batting: SHB Ryobe Yamamoto 0-0: Ball
1-0: Fly out, F6 (Popup, 6D)
Top of the 8th over - 0 run(s), 0 hit(s), 0 error(s), 0 left on base; Toronto 0 - Seattle 2
BOTTOM OF THE 8TH
Seattle Pikes batting - Pitching for Toronto Titans : LHP Braydon Schute
Batting: RHB Randy Sheppard 0-0: Called Strike
0-1: Ground out 6-3 (Groundball, 6)
Batting: SHB Jong-min Kim 0-0: Ball
1-0: Ball
2-0: Called Strike
2-1: Ball
3-1: Swinging Strike
3-2: Strikes out swinging
Batting: RHB António Ortega 0-0: Called Strike
0-1: Ball
1-1: Swinging Strike
1-2: Strikes out swinging
Bottom of the 8th over - 0 run(s), 0 hit(s), 0 error(s), 0 left on base; Toronto 0 - Seattle 2
TOP OF THE 9TH
Toronto Titans batting - Pitching for Seattle Pikes : RHP António Rijo
Pitching: LHP Cristián Escobar
Batting: LHB Anacleto Morillo 0-0: Swinging Strike
0-1: Foul Ball, location: 2F
0-2: Ball
1-2: Strikes out looking
Batting: LHB Jorge Martínez 0-0: Ball
1-0: Foul Ball, location: 2F
1-1: Ground out 4-3 (Groundball, 4)
Batting: LHB José Rodríguez 0-0: Foul Ball, location: 2F
0-1: Ball
1-1: Ground out 3-1 (Groundball, 34S)
Top of the 9th over - 0 run(s), 0 hit(s), 0 error(s), 0 left on base; Toronto 0 - Seattle 2
This league is powered by Out of the Park Baseball, the baseball management simulation game for PC, Mac and Linux
Saturday, April 9th, 2016 - OOTP Baseball 16.8 Build 38